[Event "XV American Continental 2022"]
[Site "San Salvador"]
[Date "2022.05.08"]
[Round "9.6"]
[White "Morales, Carlos"]
[Black "Salinas Herrera, Pablo"]
[Result "0-1"]
[ECO "A13"]
[WhiteElo "2005"]
[BlackElo "2534"]
[Annotator "TA"]
[PlyCount "140"]
[EventDate "2022.05.02"]
[EventCountry "ESA"]
[SourceTitle "playchess.com"]
[Source "ChessBase"]
[SourceQuality "1"]
[TimeControl "40/5400+30:1800+30"]

1. c4 e6 2. Nf3 d5 3. g3 dxc4 4. Qa4+ Nd7 5. Qxc4 b6 6. Bg2 {[%emt 0:00:26] A13: English Opening: 1...e6.} Bb7 7. O-O Ngf6 8. d3 {[%emt 0:00:17] The position is equal.} c5 9. Nbd2 Be7 10. b3 O-O 11. Bb2 {[%emt 0:00:52] [#]} Ne8 $146 ({Predecessor:} 11... Nd5 12. Ne4 Qc7 13. a3 Rac8 14. Rfc1 Qb8 15. Rab1 h6 16. Ba1 Rfd8 17. Qc2 a5 {½-½ (38) Wagner,D (2543)-Efimenko,Z (2651) Germany 2016}) 12. Qc2 Rc8 13. Rfd1 Nd6 14. Nc4 Nf5 15. Qd2 b5 16. Nce5 Nxe5 17. Nxe5 Bxg2 18. Kxg2 Nd4 19. Bxd4 cxd4 20. Rac1 Qd5+ 21. Nf3 g5 {[%emt 0:00:13] aiming for ...g4.} 22. h3 h5 23. Kg1 g4 24. hxg4 hxg4 25. Rxc8 $1 Rxc8 26. Nh2 Bg5 27. Qb2 (27. Qa5 $11 {remains equal.}) 27... f5 $17 28. b4 (28. Qa3 $17 {was worth a try.}) 28... Rc7 29. Ra1 Rh7 (29... Kf7 $17 {White must now prevent ...Kg6.} 30. a4 bxa4) 30. Qc2 $1 $15 Rh3 31. Qc8+ Kg7 32. Qc7+ Kg6 {[%emt 0:00:12] And now ...e5 would win.} 33. Qb8 e5 $40 {[%emt 0:00:37][%cal Oh3g3][%mdl 128] Black attacks.} 34. Rf1 $1 Rh7 35. Qe8+ Kg7 36. Qb8 Kf6 37. Qf8+ Qf7 ({Much weaker is} 37... Kg6 38. Qc8 $15) 38. Qd6+ Qe6 39. Qf8+ Kg6 40. a4 ({White should play} 40. f3 $11) 40... bxa4 41. Ra1 Qc6 ({Better is} 41... e4 $1 $17 {[%cal Re4d3] ...exd3 is the strong threat.} 42. Qa8 Bf6) 42. b5 $11 Qxb5 {[%emt 0:01:08] Dancing on a razor blade.} 43. Qg8+ Rg7 44. Qe6+ Bf6 45. Rc1 (45. f3 $11 {was the only way to keep the balance.}) 45... Qd7 (45... Re7 $142 $1 46. Qg8+ Bg7) 46. Qa6 $17 Qb7 47. Qxa4 Rc7 (47... Rh7 $6 48. f3 $17) 48. Rxc7 Qxc7 $11 {[%mdl 4096] Endgame KQB-KQN} 49. Nf1 Bg5 50. Qa2 Qf7 {[%emt 0:00:32] Active counter play!} 51. Qa6+ Kg7 52. Qb5 Qe7 53. Qd5 a6 54. Qa5 Qe6 ({Reject} 54... Qd6 55. Nd2 $15) 55. Nh2 Kg6 56. Nf1 e4 57. Qa4 (57. dxe4 {with more complications.} fxe4 58. Qc5 e3 59. fxe3 dxe3 60. Nh2) 57... Bf6 58. dxe4 fxe4 59. Qc2 Bg5 60. Nh2 (60. Qc5 $1 $11) 60... Kh5 (60... a5 $17) 61. Qc7 Kh6 {[%emt 0:00:00] White should prevent ...d3.} 62. Qc5 d3 63. exd3 e3 64. Qf8+ Kg6 {[%emt 0:00:00] ( -> ...e2)} 65. fxe3 Bxe3+ 66. Kf1 Bd4 {[%emt 0:00:00] Strongly threatening ...a5.} 67. Qf4 Qf5 68. Nxg4 $2 (68. Qxf5+ $11 Kxf5 69. Ke2) 68... a5 (68... Qxf4+ $142 69. gxf4 a5 70. Nh2 a4 71. Nf3 Bc3 72. Nh4+ Kf6 73. Ng2 Bd2 74. Ke2 a3 $1 75. Kd1 a2 $1 76. Kxd2 a1=Q 77. Ne3 Ke6 78. Ke2 Qb2+ 79. Kf3 Qd4 80. Ng4 Qxd3+ 81. Ne3 Kd6 82. Kf2 Qe4 83. Ng2 Kd5 84. Ne3+ Kd4 85. Ng2 Qf5 86. Kg1 Ke4 87. Kf2 Qg4 88. Ne1 Qxf4+ 89. Ke2 Qh2+ 90. Kd1 Qb2 91. Nc2 Kd3 92. Ne1+ Kc3 93. Nc2 Qxc2+ 94. Ke1 Qg2 95. Kd1 Qf1#) 69. Ke2 Qxf4 70. gxf4 {[%emt 0:00:00] [#]} a4 $1 {[%emt 0:00:00] Weighted Error Value: White=0.14 (very precise) /Black=0.15 (very precise)} ({Inferior is} 70... Kf5 71. Ne3+ Bxe3 72. Kxe3 $11) 0-1

[Event "XV American Continental 2022"]
[Site "San Salvador"]
[Date "2022.05.08"]
[Round "9.7"]
[White "Cabezas Solano, David Alejandro"]
[Black "Krysa, Leandro"]
[Result "1/2-1/2"]
[ECO "A32"]
[WhiteElo "2084"]
[BlackElo "2525"]
[Annotator "TA"]
[PlyCount "109"]
[EventDate "2022.05.02"]
[EventCountry "ESA"]
[SourceTitle "playchess.com"]
[Source "ChessBase"]
[SourceQuality "1"]
[TimeControl "40/5400+30:1800+30"]

1. d4 Nf6 2. Nf3 c5 3. c4 cxd4 4. Nxd4 e6 5. g3 d5 6. Bg2 e5 7. Nb3 d4 8. O-O Nc6 9. Bg5 Be7 10. N1d2 O-O 11. e3 {[%emt 0:05:52] [#] E01: Catalan: Early deviations.} h6 $146 (11... dxe3 $15 12. Bxe3 Bg4) ({Predecessor:} 11... a5 12. exd4 exd4 13. Nf3 d3 14. Nc1 h6 15. Bxf6 Bxf6 16. Nxd3 Bf5 17. Nfe1 Rc8 {½-½ (43) Argiroudis,S (2315)-Grigorov,G (2503) Kalamaria 2010}) 12. Bxf6 $11 Bxf6 13. exd4 exd4 14. Nc5 a5 15. Nd3 Nb4 16. Ne4 Be7 17. a3 Nxd3 18. Qxd3 Qb6 19. b4 axb4 20. axb4 Rxa1 21. Rxa1 Qxb4 22. Rb1 Qa4 23. Qxd4 Rd8 24. Nc3 {[%emt 0:01:28] aiming for Qxd8+.} Rxd4 25. Nxa4 {[%emt 0:00:04] [#]} Bf5 $1 26. Re1 {[%emt 0:11:07] [#]} b5 $1 27. Bc6 bxa4 28. Rxe7 $17 {[%emt 0:00:06][%mdl 4096] Endgame KRB-KRB} Bh3 (28... a3 $5 29. Ra7 Rxc4 $11) 29. f4 Rxc4 (29... Rd1+ $17 30. Kf2 a3) 30. Bd5 $11 {[%emt 0:00:25] The position is equal.} Rc1+ 31. Kf2 Rc2+ 32. Ke3 {[%emt 0:00:25] And now Re8+ would win.} Rxh2 33. Rxf7 Bg2 34. Be6 Bh3 35. Rf5+ Kh8 36. Rh5 a3 37. f5 {[%emt 0:02:45] [#]} ({Don't blunder} 37. Rxh3 $2 Rxh3 38. Bxh3 a2 $19) (37. Bxh3 a2 38. Ra5 Rxh3 $15) 37... Re2+ $1 38. Kf3 $1 ({Of course not} 38. Kxe2 Bg4+ 39. Kd3 Bxh5 $17) 38... Rxe6 39. fxe6 Bxe6 {[%emt 0:00:13] KR-KB} 40. Ra5 a2 41. Kf4 Kh7 42. Ra6 Bc4 43. Ra7 Kg6 44. Ra5 Kf6 45. Ke4 Be6 46. Kf4 Bc4 47. Ke4 Bb3 48. Kf4 Ke6 49. Ke4 Kd6 50. Kf5 Bf7 51. g4 Kc6 52. Rxa2 Bxa2 53. Kg6 Be6 54. Kxg7 Bxg4 {[%emt 0:00:02] ( -> ...h5)} 55. Kxh6 {[%emt 0:00:00] Weighted Error Value: White=0.04 (flawless) /Black=0.09 (flawless)} 1/2-1/2

[Event "XV American Continental 2022"]
[Site "San Salvador"]
[Date "2022.05.08"]
[Round "9.8"]
[White "Thavandiran, Shiyam"]
[Black "Figueredo Losada, Leonel"]
[Result "1/2-1/2"]
[ECO "C44"]
[WhiteElo "2399"]
[BlackElo "2337"]
[Annotator "TA"]
[PlyCount "110"]
[EventDate "2022.05.02"]
[EventCountry "ESA"]
[SourceTitle "playchess.com"]
[Source "ChessBase"]
[SourceQuality "1"]
[TimeControl "40/5400+30:1800+30"]

1. e4 e5 2. Nf3 Nc6 3. Be2 Nf6 4. d3 g6 5. O-O Bg7 6. c3 {[%emt 0:04:21] C44: Ponziani Opening and Scotch Gambit.} a5 7. b3 O-O 8. Nbd2 d5 9. Bb2 b6 10. a3 Bb7 11. Re1 Re8 {[%emt 0:00:22] [#]} 12. b4 $146 ({Predecessor:} 12. Bf1) 12... Nb8 13. Bf1 Nbd7 14. exd5 Nxd5 15. c4 Nf4 16. g3 Ne6 17. Qc2 Nd4 18. Bxd4 exd4 19. c5 (19. Rxe8+ $11 Qxe8 20. Re1) 19... Nf6 (19... Rxe1 $15 {deserves consideration.} 20. Rxe1 Bd5) 20. Rxe8+ $11 Qxe8 21. cxb6 cxb6 {[%emt 0:00:12] next ...axb4 is good for Black.} 22. Re1 Qd8 23. Qc4 {[%emt 0:02:01] [#]} axb4 $1 24. axb4 Nd5 25. Ne5 (25. Bg2 $17) 25... Qd6 $2 (25... Bxe5 $19 26. Rxe5 Nc3) 26. Qxd4 Qxb4 (26... b5 {feels hotter.} 27. Bg2 Ra4 28. Qe4 Qxb4 29. Nd7 Bc3) 27. Qxb4 Nxb4 28. Ndc4 (28. Rb1 $11) 28... Re8 {[%emt 0:04:01] [#]} ({Better is} 28... b5 $17 29. Nd6 {[#]} Nc2 $1) 29. Rb1 $1 Nd5 (29... Bxe5 30. Nxe5) 30. d4 Re6 {[%emt 0:02:47] Against Nd6} 31. Bh3 Re7 32. Nd6 Nc3 33. Rxb6 Ne2+ 34. Kf1 Nxd4 {[%emt 0:00:03] [#]} ({Black should try} 34... Bxe5 $14 35. dxe5 (35. Rxb7 Rxb7 36. Nxb7 Nxd4 $11) 35... Bf3) 35. Nxg6 $1 hxg6 $14 36. Rxb7 Rxb7 37. Nxb7 {[%emt 0:00:02][%mdl 4096] Endgame KBN-KBN} Kf8 38. Bg2 Ke7 39. Bd5 Nf5 40. Na5 g5 41. h3 Nd4 42. Nc4 f5 43. Ke1 Kf6 44. Kd2 Bf8 45. Kd3 Bc5 46. Nd2 Ba7 47. Nb1 Nb5 48. Ke2 Nd4+ 49. Kd3 Nb5 {[%emt 0:00:10] The position is equal.} 50. f3 Bf2 51. g4 fxg4 52. fxg4 Be1 53. Bc6 Nd6 54. Nd2 Bxd2 55. Kxd2 Ke5 {Weighted Error Value: White=0.16 (very precise) /Black=0.19 (very precise)} 1/2-1/2

[Event "XV American Continental 2022"]
[Site "San Salvador"]
[Date "2022.05.08"]
[Round "9.9"]
[White "Cervantes Landeiro, Thalia"]
[Black "Arias Gaviria, Mario Alexis"]
[Result "1/2-1/2"]
[ECO "E77"]
[WhiteElo "2193"]
[BlackElo "2181"]
[Annotator "TA"]
[PlyCount "88"]
[EventDate "2022.05.02"]
[EventCountry "ESA"]
[SourceTitle "playchess.com"]
[Source "ChessBase"]
[SourceQuality "1"]
[TimeControl "40/5400+30:1800+30"]

1. d4 Nf6 2. c4 g6 3. Nc3 Bg7 4. e4 d6 5. f4 O-O 6. Nf3 c5 7. d5 e6 8. dxe6 Bxe6 9. Bd3 Nc6 10. f5 Bd7 $1 {[%emt 0:01:27] The main line 10...Bd7 scores better than 10...Bc8.} 11. O-O Re8 12. Bf4 {[%emt 0:05:32] E76: King's Indian: Four Pawns Attack: Lines specific to 6 Nf3 move-order.} Nb4 13. Bb1 ({Of course not} 13. Bxd6 {[#]} Bxf5 $1 14. exf5 Qxd6 $17) 13... Bc6 14. fxg6 {[%emt 0:11:57] White is slightly better.} (14. a3 {with more complications.} Na6 15. fxg6 hxg6 16. Ng5) 14... hxg6 {[%emt 0:04:40][%cal Rf6e4] [#]} 15. Bxd6 $146 (15. Ng5 $14) ({Predecessor:} 15. a3 Na6 16. Re1 Qb6 17. Ra2 Rad8 18. Bg5 Nc7 19. Bh4 Ne6 20. Nd5 Bxd5 21. exd5 {1-0 (39) Baron,M (2264)-Hacche,D (2212) Melbourne 2001}) 15... Nxe4 $11 16. Nxe4 Bxe4 17. Bxe4 Rxe4 18. a3 {[%emt 0:01:01] [#]} Re6 $1 19. Bxc5 Nd3 20. Bf2 Bxb2 21. Ra2 Bc3 22. Qb3 {[%emt 0:03:13][%csl LRb7,LRc3] The position is equal.} Nxf2 23. Raxf2 Bf6 24. Qxb7 Rb8 25. Qxa7 Ra8 26. Qb7 Rxa3 27. Rd2 Rd3 28. Rxd3 Qxd3 29. c5 Qe3+ 30. Kh1 Qxc5 31. Qb3 Kg7 32. h3 Re3 33. Qd1 Qc3 34. Nh2 Bd4 35. Ng4 Re6 36. Qb1 Qb2 37. Qd3 Qc3 38. Qd1 f5 39. Nh2 Ra6 40. Qe2 Ra1 41. Qe7+ Kg8 42. Qd8+ Kg7 43. Qe7+ Kg8 44. Qd8+ Kg7 {[%emt 0:00:05] Weighted Error Value: White=0.09 (flawless) /Black=0.06 (flawless)} 1/2-1/2

[Event "XV American Continental 2022"]
[Site "San Salvador"]
[Date "2022.05.08"]
[Round "9.10"]
[White "Ramirez Osio, Julio Adrian"]
[Black "Valdes Romero, Leonardo"]
[Result "1/2-1/2"]
[ECO "E68"]
[WhiteElo "2143"]
[BlackElo "2403"]
[Annotator "TA"]
[PlyCount "55"]
[EventDate "2022.05.02"]
[EventCountry "ESA"]
[SourceTitle "playchess.com"]
[Source "ChessBase"]
[SourceQuality "1"]
[TimeControl "40/5400+30:1800+30"]

1. d4 Nf6 2. c4 g6 3. g3 Bg7 4. Bg2 O-O 5. Nc3 d6 6. Nf3 Nbd7 7. O-O e5 8. e4 a6 9. Qc2 exd4 10. Nxd4 Re8 11. Rd1 Ne5 {[%emt 0:02:10] E60: King's Indian: Unusual lines and Fianchetto Variation without Nc3.} 12. b3 (12. c5 $14) 12... c5 (12... Bg4 $15) 13. Nde2 $1 $14 Bg4 {[%emt 0:00:29] [#] White is slightly better.} 14. Bf4 $146 (14. Be3 $142) ({Predecessor:} 14. Rb1 Qe7 15. Bg5 h6 16. Nd5 Qd8 17. Bxf6 Bxf6 18. Re1 Bxe2 19. Qxe2 Nc6 20. f4 {1-0 (41) Vovk,Y (2600)-Vypkhaniuk,I (2302) Lvov 2017}) 14... Nf3+ $11 15. Bxf3 Bxf3 16. Rd3 Bxe4 17. Nxe4 Nxe4 18. Rad1 g5 19. Bxd6 (19. Bc1 $1 $11 {remains equal.}) 19... Qf6 $17 20. f4 Nxd6 (20... Qf5 $17 21. Bc7 (21. Rd5 Qg6 $17) 21... Rac8) 21. Rxd6 $11 Qe7 {[%emt 0:00:02] [#] Threatens to win with ...Qe3+.} 22. R6d2 g4 {[%emt 0:06:46] aiming for ...Qe3+.} 23. Kg2 Rac8 24. Qf5 h5 25. Ng1 b5 26. Rd7 Qe4+ 27. Qxe4 Rxe4 28. Rd8+ {[%emt 0:00:53] Weighted Error Value: White=0.23 (precise) /Black=0.17 (very precise)} 1/2-1/2

[Event "XV American Continental 2022"]
[Site "San Salvador"]
[Date "2022.05.08"]
[Round "9.11"]
[White "Diaz Rosas, Julio Cesar"]
[Black "Giron, Jorge Ernesto"]
[Result "1/2-1/2"]
[ECO "B30"]
[WhiteElo "2351"]
[BlackElo "2257"]
[Annotator "TA"]
[PlyCount "68"]
[EventDate "2022.05.02"]
[EventCountry "ESA"]
[SourceTitle "playchess.com"]
[Source "ChessBase"]
[SourceQuality "1"]
[TimeControl "40/5400+30:1800+30"]

1. e4 c5 2. Nf3 Nc6 3. Bc4 e6 4. O-O g6 5. d4 cxd4 6. Nxd4 {[%emt 0:00:05] B30: Sicilian: 2...Nc6 3 Bb5, lines without ...g6.} d6 7. Nc3 a6 8. Be3 {[%emt 0:05:24] White is better.} Nge7 (8... Na5 $14 9. Be2 Nf6) 9. Qd2 {[%emt 0:05:31] 0x0.001c2ee6b3a9dp-1022s more active pieces. The black rooks are badly placed.} Bg7 {[%emt 0:09:46] [#]} 10. Rad1 $146 ({Predecessor:} 10. f4 O-O 11. a3 b5 12. Ba2 Na5 13. Qd3 Bd7 14. b4 Nac6 15. Rac1 Rc8 16. Bb3 Nxd4 17. Bxd4 Bxd4+ 18. Qxd4 {½-½ (41) Koethe,C-Gosch,D Bad Laasphe 1994}) 10... d5 {[%emt 0:01:20] [#]} (10... Bd7 $16) 11. exd5 $1 $18 exd5 {[%emt 0:00:04] [#]} 12. Nxc6 (12. Nxd5 $142 $1 Nxd5 13. Bg5) 12... bxc6 $16 {[%emt 0:00:04] [#]} 13. Bd4 $1 O-O 14. Bxg7 Kxg7 15. Qd4+ f6 16. Qc5 Bd7 17. Bb3 Rb8 18. Na4 Re8 19. c4 Be6 20. Rfe1 Bf7 21. h3 (21. Nc3 $16) 21... Nf5 $11 22. cxd5 ({Much weaker is} 22. Qxc6 Rxe1+ 23. Rxe1 dxc4 $17) 22... cxd5 23. Qa7 {[%emt 0:12:42] Bxd5 is the strong threat.} Rxe1+ 24. Rxe1 {[%emt 0:00:17][%cal Ob3d5] And now Bxd5! would win.} Qa5 25. Rd1 Rd8 ({Black should play} 25... Re8 $14) 26. Qc5 ({White should try} 26. Nc3 $16) 26... Qxc5 {[%emt 0:03:45] The position is equal.} 27. Nxc5 Rd6 28. Bc2 Rc6 29. b4 Nd6 30. Ba4 Rb6 31. a3 Nc4 32. Ra1 a5 33. bxa5 Nxa5 34. Re1 Nb7 {[%emt 0:00:03] White really could win this.  Weighted Error Value: White=0.18 (very precise) /Black=0.12 (very precise)} 1/2-1/2

[Event "XV American Continental 2022"]
[Site "San Salvador"]
[Date "2022.05.10"]
[Round "10.1"]
[White "Gareyev, Timur"]
[Black "Hungaski, Robert"]
[Result "1-0"]
[ECO "D27"]
[WhiteElo "2565"]
[BlackElo "2521"]
[Annotator "TA"]
[PlyCount "103"]
[EventDate "2022.05.02"]
[EventCountry "ESA"]
[SourceTitle "playchess.com"]
[Source "ChessBase"]
[SourceQuality "1"]
[TimeControl "40/5400+30:1800+30"]

1. d4 d5 2. c4 dxc4 3. Nf3 Nf6 4. e3 e6 5. Bxc4 c5 6. O-O a6 7. dxc5 Bxc5 8. Qxd8+ Kxd8 9. Be2 {[%emt 0:00:30] D27: Queen's Gambit Accepted: Classical main line: 7 e4!? and 7 a4.} Ke7 10. Ne5 Nbd7 11. Nd3 {[%emt 0:01:43] White is slightly better.} Bd6 12. Nd2 b5 {[%emt 0:00:33] Prevents Nc4.} 13. Nb3 Bb7 14. f3 {[%emt 0:00:10] [#]} Bd5 $146 ({Predecessor:} 14... Rhc8 15. Bd2 Nb6 16. Na5 Nc4 17. Nxb7 Nxd2 18. Nxd6 Kxd6 19. Rfd1 Nc4 {½-½ (19) Farago,I (2476)-Nyzhnyk,I (2544) Bad Woerishofen 2010}) 15. e4 Bc4 16. Rd1 Rhc8 17. Bd2 Ne5 18. Bc3 Nfd7 19. Na5 Rc7 (19... Nxd3 $11 20. Bxd3 Bxd3 21. Rxd3 Ne5 22. Rxd6 Rxc3) 20. Nxe5 (20. Nxc4 {is more complex.} Nxc4 21. a4 Rd8 22. axb5 axb5 23. Nb4) 20... Bxe5 {[%emt 0:05:37] [#]} (20... Nxe5 $14 21. Nxc4 Nxc4) 21. Rxd7+ $1 $16 Kxd7 22. Bxe5 ({Of course not} 22. Nxc4 $6 Bxc3 23. Nb6+ Ke7 24. Nxa8 Bd4+ 25. Kf1 Rc8 $11) 22... Bxe2 23. Bxc7 Kxc7 $14 {[%emt 0:00:08][%mdl 4096] Endgame KRB-KRN} 24. Rc1+ Kb6 25. b4 {[%emt 0:00:11] Threatens to win with Rc6+.} Bc4 26. Nxc4+ bxc4 27. Rxc4 $16 {[%emt 0:00:08] KR-KR} Rd8 28. a4 Rd2 (28... Rd1+ $16 29. Kf2 Rd2+ 30. Kg3 Kb7) 29. h4 f6 (29... Ra2 $16) 30. h5 e5 (30... Kb7 $142 31. e5 f5) 31. Kh2 Ra2 32. b5 axb5 (32... a5 $142 33. Kg3 Kb7) 33. axb5 $18 {[%emt 0:01:01] Rc6+ is the strong threat.} Ra7 34. h6 $2 ({Better is} 34. Kg3 $18) 34... Kxb5 $14 35. hxg7 Rxg7 36. Rc8 Kb6 37. Kh3 Rg6 38. Rc2 Kb7 39. Kh4 Rg5 40. g4 Rg6 41. Kh5 Kb8 $2 {[%emt 0:31:29][%mdl 8192] This move loses the game for Black.} (41... Rg7 $16) 42. Rc6 $18 Kb7 43. Re6 Kc7 44. Re7+ Kd6 45. Rxh7 Rg8 46. Kh6 {[%emt 0:01:17] Threatening mate with Rf7.} Ke6 {[%emt 0:00:34] Inhibits Rf7.} 47. Ra7 {[%emt 0:00:52] White threatens Kh7 and mate.} Kd6 48. Kh7 {[%emt 0:00:00] White mates.} Rg5 49. Rg7 Rxg7+ 50. Kxg7 Ke7 51. Kg6 Ke6 52. g5 {[%emt 0:00:00] Weighted Error Value: White=0.19 (very precise) /Black=0.49} 1-0

[Event "XV American Continental 2022"]
[Site "San Salvador"]
[Date "2022.05.10"]
[Round "10.2"]
[White "Salinas Herrera, Pablo"]
[Black "Quesada Perez, Yasser"]
[Result "1/2-1/2"]
[ECO "C01"]
[WhiteElo "2534"]
[BlackElo "2560"]
[Annotator "TA"]
[PlyCount "112"]
[EventDate "2022.05.02"]
[EventCountry "ESA"]
[SourceTitle "playchess.com"]
[Source "ChessBase"]
[SourceQuality "1"]
[TimeControl "40/5400+30:1800+30"]

1. e4 e5 2. Nf3 Nf6 3. Nxe5 d6 4. Nf3 Nxe4 5. d3 Nf6 6. d4 d5 7. Bd3 Bd6 8. Qe2+ Qe7 9. Qxe7+ Kxe7 10. O-O {[%emt 0:00:09] C01: French: Exchange Variation.} Re8 11. Re1+ {[%emt 0:00:12] 11.Re1+ was played by the boomers.} Kf8 12. Rxe8+ {[%emt 0:00:06] White has an edge.} Kxe8 13. Nc3 c6 14. Bd2 Kf8 15. Re1 Na6 16. a3 {[%emt 0:34:10] Prevents Nb4.} (16. Bxa6 $5 bxa6 17. Ne5 $11) 16... Nc7 {[%emt 0:01:31] [#]} 17. Nd1 $146 ({Predecessor:} 17. Na4 Ne6 18. g3 b5 19. Nc3 a5 20. Na2 h6 21. h4 Nd7 22. Nc1 Nb6 23. Nb3 a4 24. Nc1 Nc4 25. Bc3 Bd7 26. Na2 Be8 27. Nb4 Rc8 28. Kg2 Bd7 29. Re2 {½-½ (27) Ivell,N (2198)-Lee,R (2130) England 2019}) 17... Bg4 18. Ne5 Bxd1 19. Rxd1 Ne6 20. Nf3 Re8 21. g3 Ne4 22. Be3 Nc7 23. Ne5 f6 24. Bxe4 dxe4 25. Nc4 Ke7 26. Na5 Rb8 27. c4 Kd7 28. c5 (28. d5 $5 c5 29. Kg2 $14) 28... Bf8 {[%emt 0:02:38] The position is equal.} 29. Bf4 g5 30. Bxc7 Kxc7 $11 {[%emt 0:00:05][%mdl 4096] Endgame KRB-KRN} 31. Nc4 Rd8 32. Ne3 b6 33. cxb6+ axb6 34. Kf1 c5 35. dxc5 Rxd1+ 36. Nxd1 {[%emt 0:00:03] And now cxb6+ would win.} Bxc5 {[%emt 0:00:06] KB-KN} 37. Nc3 f5 38. h3 Kc6 39. g4 fxg4 40. hxg4 Bd4 {[%emt 0:00:05] [#] aiming for ...Bxc3.} 41. Nxe4 Bxb2 42. Nxg5 h6 43. Nf7 Bxa3 44. Nxh6 Bc1 45. Nf5 Kd5 46. Ke2 Ke5 47. f3 b5 48. Ne7 Bg5 49. Nc6+ Kd5 50. Nb4+ Kd4 51. Nd3 Be7 52. Kd2 b4 53. f4 Ke4 54. f5 b3 55. Kc3 Bf6+ 56. Kxb3 Kxd3 {[%emt 0:00:00] An uneventful encounter.  Weighted Error Value: White=0.03 (flawless) /Black=0.01 (flawless)} 1/2-1/2

[Event "XV American Continental 2022"]
[Site "San Salvador"]
[Date "2022.05.09"]
[Round "10.3"]
[White "Swiercz, Dariusz"]
[Black "Morovic Fernandez, Ivan"]
[Result "1/2-1/2"]
[ECO "C84"]
[WhiteElo "2665"]
[BlackElo "2495"]
[Annotator "TA"]
[PlyCount "110"]
[EventDate "2022.05.02"]
[EventCountry "ESA"]
[SourceTitle "playchess.com"]
[Source "ChessBase"]
[SourceQuality "1"]
[TimeControl "40/5400+30:1800+30"]

1. e4 e5 2. Nf3 Nc6 3. Bb5 a6 4. Ba4 Nf6 5. O-O Be7 6. d3 b5 7. Bb3 d6 8. Bd2 {[%emt 0:00:04] C84: Closed Ruy Lopez: Unusual White 6th moves.} O-O 9. h3 Bd7 10. Re1 {[%emt 0:07:05] [#]} Qb8 $146 ({Predecessor:} 10... Rb8 11. a3 Be6 12. Ba2 h6 13. Nc3 Re8 14. Nd5 Nd7 15. b4 Bf6 16. c3 Rc8 {½-½ (79) Soumya,S (2369)-Kozak,A (2523) Moscow 2020}) 11. Nc3 Qb7 12. Nd5 Bd8 (12... a5 {looks sharper.} 13. a4 Nxd5 14. Bxd5 bxa4 15. c3 Qxb2 16. Qxa4 Nb8) 13. Ne3 Be6 14. Bxe6 fxe6 15. a4 Nd4 16. Nxd4 exd4 17. Ng4 e5 18. Nxf6+ Bxf6 19. Qg4 Qc6 20. Rec1 Qb6 (20... bxa4 $11 21. Qe6+ Rf7) 21. b3 Kh8 22. Ra2 (22. b4 $16) 22... Rae8 (22... b4 $11 {keeps the balance.}) 23. g3 ({Better is} 23. b4 $16) 23... Bd8 24. Kg2 Qb7 25. axb5 axb5 26. Rca1 Qc6 27. h4 (27. Qd1 {feels hotter.} Qd7 28. Ra6 d5 29. Qg4) 27... Bf6 28. h5 h6 29. Kg1 d5 30. exd5 Qxd5 31. Re1 {[%emt 0:00:05] Against e4} Ra8 32. Rxa8 Qxa8 33. Bb4 Qc8 34. Qg6 c5 {[%emt 0:01:02] The position is equal.} 35. Bd2 c4 (35... Qb7 {keeps more tension.} 36. f4 Qf3 37. Rf1 Qe2) 36. bxc4 bxc4 37. Ra1 cxd3 38. cxd3 Qb7 39. Re1 Qf3 {[%emt 0:00:29][%cal Of6g5] [#] And now ...Bg5! would win.} 40. Rf1 Rc8 41. Ra1 Rf8 42. Bb4 Rb8 43. Rc1 e4 {[%emt 0:11:09] ...e3 is the strong threat.} 44. Bd6 Rd8 45. Bf4 e3 46. fxe3 dxe3 47. Rf1 {[%emt 0:01:01] Prevents Qf2+.} Qd5 {[%emt 0:03:07] [#] White must now prevent ...e2.} 48. Bxe3 Qxd3 49. Qxd3 Rxd3 $11 {[%emt 0:00:02][%mdl 4096] Endgame KRB-KRB} 50. Kf2 Bd4 51. Bxd4 Rxd4 52. Kf3 g6 53. hxg6 Kg7 54. Rh1 Kxg6 55. Rh4 Rxh4 {Weighted Error Value: White=0.11 (very precise) /Black=0.13 (very precise)} 1/2-1/2